 Dungeon Crawl Stone Soup version 0.27-a0-920-gb2bd10914a (webtiles) character file.

Game seed: 5044118378895604438

27 wilddeer the Skirmisher (level 3, -9/33 HPs)
             Began as a Hill Orc Monk on Apr 9, 2021.
             Mangled by a worm (11 damage)
             ... on level 3 of the Dungeon.
             The game lasted 00:08:24 (475 turns).

wilddeer the Skirmisher (Hill Orc Monk)              Turns: 475, Time: 00:08:24

Health: -9/33      AC:  2    Str: 14    XL:     3   Next: 10%
Magic:  3/3        EV: 12    Int: 10    God:
Gold:   33         SH:  5    Dex: 13    Spells: 2/2 levels left

rFire    . . .     SeeInvis .   a - +0 mace
rCold    . . .     Faith    .   (no shield)
rNeg     . . .     Spirit   .   b - +0 robe
rPois    .         Reflect  +   (no helmet)
rElec    .         Harm     .   (no cloak)
rCorr    .         Rampage  .   (no gloves)
Will     .....                  (no boots)
Stlth    ++........             e - amulet of reflection
HPRegen  0.11/turn              (no ring)
MPRegen  0.08/turn              (no ring)

@: no status effects
A: no striking features
a: no special abilities


You were on level 3 of the Dungeon.
You visited 1 branch of the dungeon, and saw 3 of its levels.

You collected 33 gold pieces.

Inventory:

Hand Weapons
 a - a +0 mace (weapon)
Armour
 b - a +0 robe (worn)
Jewellery
 e - an amulet of reflection (around neck)


   Skills:
 + Level 4.0 Fighting
 + Level 3.7 Maces & Flails
 + Level 2.9 Dodging
 + Level 1.6 Stealth


You had 2 spell levels left.
You didn't know any spells.
Your spell library was empty.

Dungeon Overview and Level Annotations

Branches:
Dungeon (3/15)

Altars:

Shops:
D:1 =   D:3 [


Message History

You hit the adder.
You kill the adder!
Your Fighting skill increases to level 4!
You have reached level 3!
Your experience leads to an increase in your attributes!
Increase (S)trength, (I)ntelligence, or (D)exterity?
Uppercase letters only, please.
You feel stronger.
You barely miss the worm. You hit the worm.
The worm is lightly wounded.
The worm bites you.
You hit the worm but do no damage.
The worm is lightly wounded.
You hit the worm.
The worm is lightly wounded.
You block the worm's attack.
You hit the worm but do no damage.
The worm is lightly wounded.
The worm bites you.
* * * LOW HITPOINT WARNING * * *
You hit the worm but do no damage. You hit the worm.
The worm is moderately wounded.
The worm bites you!
* * * LOW HITPOINT WARNING * * *
You hit the worm.
The worm is heavily wounded.
You hit the worm but do no damage.
The worm is heavily wounded.
The worm barely misses you.
You hit the worm.
The worm is severely wounded.
The worm barely misses you.
You barely miss the worm.
The worm is heavily wounded.
You hit the worm but do no damage.
The worm is heavily wounded.
The worm bites you!
You die...

#..#.# #).#<#
#..#.#
+..#∩########
#...........#
#...8######.#
#....#
##.######
#w.###
#......<.
#@.#
##.######
#..# ### #..#
+..# #..#
#..# #..#
#..#


You could see a worm.

Vanquished Creatures
  An adder (D:3)
  2 orcs
  3 ball pythons
  2 bats
  2 giant cockroaches
  A goblin (D:1)
  A frilled lizard (D:1)
  2 kobolds (D:1)
14 creatures vanquished.

Notes
Turn   | Place    | Note
-------+----------+-------------------------------------------
     0 | D:1      | wilddeer the Hill Orc Monk began the quest for the Orb.
     0 | D:1      | Reached XP level 1. HP: 19/19 MP: 1/1
   171 | D:1      | Reached XP level 2. HP: 19/27 MP: 2/2
   227 | D:1      | Found Zihashri's Jewellery Shoppe.
   427 | D:3      | Found Kasohie's Antique Armour Emporium.
   456 | D:3      | Reached skill level 4 in Fighting
   456 | D:3      | Reached XP level 3. HP: 11/33 MP: 3/3
   468 | D:3      | HP: 1/33 [worm (8)]
   475 | D:3      | Mangled by a worm

Illustrated notes

Levels and vault maps discovered:
D:1:      pf_arrival_petrified_forest, layout_loops_corners, serial_shops, shop,
          hellmonk_ecumenical_altar_heavens_door, st_stairs_12,
          grunt_decor_mini_mirrors
D:2:      layout_loops_ring, serial_shops, shop, serial_glass, glass_columns_b,
          glass_columns_b, minmay_pentomino_r2
D:3:      layout_loops_ring, serial_shops, nicolae_shop_behind_doors, shop,
          shop, shop_statue, minmay_pentangle

Skill      XL: |  1  2 |
---------------+-------+-----
Fighting       | 4 |  4.0
Maces & Flails | |  3.7
Dodging        | |  2.9
Stealth        | |  1.6

Action                   || total
-------------------------++-------
Melee: Mace              ||    48
  Use: Potion            ||     2
       Scroll            ||     1
 Stab: Sleeping          ||     1
Armor: Robe              ||     3
Dodge: Dodged            ||    28
Block: Other             ||     8

Table legend: (Time is in decaauts)
 A = Elapsed time spent in this place.
 B = Non-inter-level travel time spent in this place.
 C = Inter-level travel time spent in this place.
 D = Time resting spent in this place.
 E = Time spent auto-exploring this place.
 F = Levels seen in this place.
 G = Mean time per level.
                   A        B        C        D        E       F      G
               +--------+--------+--------+--------+--------+-----+--------+
         Total |    485 |    335 |    150 |     20 |      0 |   3 |  161.7 |
       Dungeon |    485 |    335 |    150 |     20 |      0 |   3 |  161.7 |
               +--------+--------+--------+--------+--------+-----+--------+

Top non-repeatable levels by time:
     D:1: 355 daAuts
     D:2: 70 daAuts
     D:3: 59 daAuts
